[Event "Gibraltar ChallWk2 13th"]
[Site "Gibraltar"]
[Date "2015.01.31"]
[Round "1.10"]
[White "Isherwood, Paul"]
[Black "Janev, Pavel"]
[Result "0-1"]
[ECO "D05"]
[WhiteElo "2002"]
[BlackElo "2196"]
[PlyCount "98"]
[EventDate "2015.01.31"]
[EventType "swiss"]
[EventRounds "5"]
[EventCountry "GGB"]
[SourceTitle "BritBase"]
[Source "www.saund.co.uk"]
[SourceDate "2018.02.10"]
[SourceVersion "1"]
[SourceVersionDate "2018.02.10"]
[SourceQuality "1"]
[TimeControl "6600+820"]
[WhiteClock "0:15:25"]
[BlackClock "0:07:09"]

1. d4 Nf6 2. Nf3 b6 3. e3 Bb7 4. Bd3 e6 5. O-O Be7 6. Nbd2 d5 7. b3 a5 8. c4 a4
9. bxa4 Nc6 10. cxd5 exd5 11. Ne5 Nxe5 12. dxe5 Ne4 13. Qg4 Qd7 14. Qxd7+ Kxd7
15. Nxe4 dxe4 16. Bc4 Ke8 17. Bd2 Bc5 18. Rfb1 Bc6 19. Bb5 Bxb5 20. axb5 Ra4
21. a3 Rxa3 22. Rxa3 Bxa3 23. Bb4 Bxb4 24. Rxb4 Kd7 25. Rd4+ Ke6 26. Rxe4 Kd5
27. Rd4+ Kc5 28. Rd7 Kxb5 29. Rxc7 Ka6 30. Kf1 b5 31. Ke2 b4 32. Kd3 Kb6 33.
Rc4 Kb5 34. Rc7 Ka4 35. Kc4 Ra8 36. Rxf7 b3 37. Rb7 Rc8+ 38. Kd5 Rd8+ 39. Ke6
Rd2 40. f4 Rxg2 41. Kf7 Rxh2 42. Kxg7 h5 43. Kg6 h4 44. Kg5 h3 45. Kg4 b2 46.
Kg3 Re2 47. Ra7+ Kb3 48. Kxh3 Rxe3+ 49. Kg4 Re4 0-1

[Event "Gibraltar ChallWk2 13th"]
[Site "Gibraltar"]
[Date "2015.01.31"]
[Round "1.11"]
[White "Dolzhikova, Olga"]
[Black "Odeh, Kenneth"]
[Result "1-0"]
[ECO "B12"]
[WhiteElo "2194"]
[BlackElo "1982"]
[PlyCount "65"]
[EventDate "2015.01.31"]
[EventType "swiss"]
[EventRounds "5"]
[EventCountry "GGB"]
[SourceTitle "BritBase"]
[Source "www.saund.co.uk"]
[SourceDate "2018.02.10"]
[SourceVersion "1"]
[SourceVersionDate "2018.02.10"]
[SourceQuality "1"]
[TimeControl "7200+630"]
[WhiteClock "0:08:43"]
[BlackClock "0:10:36"]

1. e4 c6 2. d4 d5 3. e5 c5 4. dxc5 Nc6 5. Bb5 e6 6. Be3 Bd7 7. Bxc6 Bxc6 8. Nf3
Qc7 9. c3 Ne7 10. Bd4 Ng6 11. g3 Be7 12. Qe2 a6 13. a4 Qd7 14. b3 f6 15. O-O h5
16. Re1 f5 17. h4 O-O-O 18. Qc2 Rdf8 19. Nbd2 Qd8 20. b4 Be8 21. b5 a5 22. c6
b6 23. c4 f4 24. c5 bxc5 25. Bxc5 fxg3 26. fxg3 Bxh4 27. b6 Bxc6 28. Qxg6 Rh6
29. Qxg7 Rg8 30. Qxh6 Rxg3+ 31. Kf1 Be8 32. Qxe6+ Bd7 33. Qf7 1-0

[Event "Gibraltar ChallWk2 13th"]
[Site "Gibraltar"]
[Date "2015.01.31"]
[Round "1.13"]
[White "Pena Riasco, Alexander"]
[Black "Adebajo, Olufemi"]
[Result "1-0"]
[ECO "B76"]
[WhiteElo "2181"]
[BlackElo "1962"]
[PlyCount "83"]
[EventDate "2015.01.31"]
[EventType "swiss"]
[EventRounds "5"]
[EventCountry "GGB"]
[SourceTitle "BritBase"]
[Source "www.saund.co.uk"]
[SourceDate "2018.02.10"]
[SourceVersion "1"]
[SourceVersionDate "2018.02.10"]
[SourceQuality "1"]
[TimeControl "7200+895"]
[WhiteClock "0:52:48"]
[BlackClock "0:53:15"]

1. e4 c5 2. Nf3 Nc6 3. d4 cxd4 4. Nxd4 g6 5. Nc3 Bg7 6. Be3 Nf6 7. Nb3 d6 8. f3
O-O 9. Qd2 Be6 10. O-O-O a5 11. a3 Rc8 12. Kb1 Ne5 13. Bd4 Nfd7 14. f4 Nc4 15.
Qf2 Bxd4 16. Qxd4 Qc7 17. Bxc4 Bxc4 18. Nd2 Nf6 19. e5 dxe5 20. fxe5 Nh5 21.
Nxc4 Qxc4 22. Qxc4 Rxc4 23. Rd7 b5 24. Rxe7 b4 25. axb4 axb4 26. Nd5 Nf4 27.
Nf6+ Kg7 28. Ne8+ Kh6 29. Nd6 Rc6 30. Nxf7+ Rxf7 31. Rxf7 Nxg2 32. Rf2 Ne3 33.
Re1 Nf5 34. e6 Rc8 35. Rf4 b3 36. cxb3 Re8 37. b4 Kg5 38. Rc4 Kf6 39. e7 Kf7
40. b5 Nd6 41. Rf4+ Nf5 42. b6 1-0

[Event "Gibraltar ChallWk2 13th"]
[Site "Gibraltar"]
[Date "2015.01.31"]
[Round "1.14"]
[White "Adewole, Adeyinka"]
[Black "Agrest, Inna"]
[Result "0-1"]
[ECO "A16"]
[WhiteElo "1962"]
[BlackElo "2179"]
[PlyCount "86"]
[EventDate "2015.01.31"]
[EventType "swiss"]
[EventRounds "5"]
[EventCountry "GGB"]
[SourceTitle "BritBase"]
[Source "www.saund.co.uk"]
[SourceDate "2018.02.10"]
[SourceVersion "1"]
[SourceVersionDate "2018.02.10"]
[SourceQuality "1"]
[TimeControl "7200+1200"]
[WhiteClock "0:12:38"]
[BlackClock "0:03:45"]

1. Nf3 Nf6 2. c4 g6 3. g3 Bg7 4. Bg2 d6 5. d3 O-O 6. Nc3 c5 7. Bg5 h6 8. Bd2
Nc6 9. Qc1 Kh7 10. h4 h5 11. Ng5+ Kg8 12. Nd5 Nd4 13. Bc3 Rb8 14. b3 Bd7 15.
Qb2 e5 16. e3 Nc6 17. Nxf6+ Qxf6 18. O-O Qe7 19. f4 f6 20. Bd5+ Kh8 21. Nf3
exf4 22. exf4 Qe3+ 23. Kg2 Qxd3 24. Ng5 Nd4 25. Nf7+ Rxf7 26. Bxf7 Qe4+ 27. Kh2
Qf5 28. Bxd4 cxd4 29. Qg2 b5 30. Rae1 bxc4 31. Bxc4 Rc8 32. Re7 d5 33. Ba6 Rc2
34. Rf2 Rxf2 35. Qxf2 Bf8 36. Re1 d3 37. Rd1 Qh3+ 38. Kg1 Bc5 39. Qxc5 Qxg3+
40. Kh1 Qxh4+ 41. Kg2 Qg4+ 42. Kh1 Qxd1+ 43. Qg1 Qxg1+ 0-1

[Event "Gibraltar ChallWk2 13th"]
[Site "Gibraltar"]
[Date "2015.01.31"]
[Round "1.15"]
[White "Gonzalez Gonzalez, Alfonso"]
[Black "Algars, Olle"]
[Result "1-0"]
[ECO "A45"]
[WhiteElo "2160"]
[BlackElo "1960"]
[PlyCount "87"]
[EventDate "2015.01.31"]
[EventType "swiss"]
[EventRounds "5"]
[EventCountry "GGB"]
[SourceTitle "BritBase"]
[Source "www.saund.co.uk"]
[SourceDate "2018.02.10"]
[SourceVersion "1"]
[SourceVersionDate "2018.02.10"]
[SourceQuality "1"]
[TimeControl "7200+640"]
[WhiteClock "0:39:32"]
[BlackClock "0:42:59"]

1. d4 Nf6 2. Bg5 Ne4 3. Bh4 c5 4. f3 Qa5+ 5. c3 g5 6. fxe4 gxh4 7. d5 Qb6 8.
Qb3 Qg6 9. Nd2 Bh6 10. Ngf3 Qg4 11. a4 d6 12. a5 Nd7 13. Qa4 O-O 14. g3 Kh8 15.
O-O-O Nf6 16. Kb1 Nxe4 17. Nxe4 Bf5 18. Ka1 Qxe4 19. Qxe4 Bxe4 20. gxh4 Be3 21.
Bh3 b6 22. a6 b5 23. Bd7 Rab8 24. Bc6 Rb6 25. Bb7 b4 26. c4 b3 27. Rd3 Bxd3 28.
exd3 e5 29. dxe6 fxe6 30. Re1 Bf2 31. Rxe6 Bxh4 32. Kb1 Bg5 33. Re1 Bf6 34. Re6
Kg7 35. Kc1 Kf7 36. Bd5 Kg6 37. Be4+ Kh5 38. Bb7 Kg4 39. Nd2 Bg5 40. Re1 h6 41.
Kd1 Rf2 42. Rg1+ Kh3 43. Nf3 Bf4 44. Bc8# {Bg5 Bb7 Kg4 Nd2+ Kh5 Bf3+} 1-0

[Event "Gibraltar ChallWk2 13th"]
[Site "Gibraltar"]
[Date "2015.01.31"]
[Round "1.16"]
[White "Boyer Censore, Giuseppe Enmanu"]
[Black "Elishev, Ivan"]
[Result "1-0"]
[ECO "B35"]
[WhiteElo "1960"]
[BlackElo "2153"]
[PlyCount "99"]
[EventDate "2015.01.31"]
[EventType "swiss"]
[EventRounds "5"]
[EventCountry "GGB"]
[SourceTitle "BritBase"]
[Source "www.saund.co.uk"]
[SourceDate "2018.02.10"]
[SourceVersion "1"]
[SourceVersionDate "2018.02.10"]
[SourceQuality "1"]
[TimeControl "7200+1045"]
[WhiteClock "0:02:04"]
[BlackClock "0:00:14"]

1. e4 c5 2. Nf3 g6 3. d4 cxd4 4. Nxd4 Bg7 5. Nc3 Nc6 6. Be3 Nf6 7. Bc4 O-O 8.
Bb3 Ng4 9. Qxg4 Nxd4 10. Qd1 Nxb3 11. axb3 b5 12. Qd5 Rb8 13. Bxa7 Rb7 14. Bd4
b4 15. Bxg7 Kxg7 16. Ne2 Qc7 17. Qd2 Rb6 18. O-O Bb7 19. Ra4 Qc5 20. Ng3 Bc6
21. Raa1 Bb5 22. Rfc1 Rd6 23. Qf4 Rf6 24. Qd2 h5 25. Nf1 Bc6 26. Re1 Re6 27.
Rac1 h4 28. h3 d6 29. Qf4 g5 30. Qg4 Kg6 31. Nd2 Rf6 32. Qe2 Kh6 33. Qe3 Rg8
34. f3 Bb5 35. c4 Bd7 36. Ra1 Qe5 37. Ra2 Kh5 38. Nf1 g4 39. hxg4+ Bxg4 40.
fxg4+ Rxg4 41. Ra8 Rfg6 42. Re2 Qg7 43. Kh1 h3 44. g3 Qe5 45. Qf3 Kh6 46. Ne3
Rxg3 47. Nf5+ Qxf5 48. Qxf5 Rg1+ 49. Kh2 Re1 50. Rxe1 1-0

[Event "Gibraltar ChallWk2 13th"]
[Site "Gibraltar"]
[Date "2015.01.31"]
[Round "1.17"]
[White "Gomez Calle, Jose Antonio"]
[Black "Kleinert, Juergen"]
[Result "1-0"]
[ECO "B00"]
[WhiteElo "2150"]
[BlackElo "1959"]
[PlyCount "55"]
[EventDate "2015.01.31"]
[EventType "swiss"]
[EventRounds "5"]
[EventCountry "GGB"]
[SourceTitle "BritBase"]
[Source "www.saund.co.uk"]
[SourceDate "2018.02.10"]
[SourceVersion "1"]
[SourceVersionDate "2018.02.10"]
[SourceQuality "1"]
[TimeControl "7200+1375"]
[WhiteClock "0:07:08"]
[BlackClock "0:01:02"]

1. e4 b6 2. d4 Bb7 3. Nd2 e6 4. Ngf3 g6 5. Bd3 Bg7 6. O-O d6 7. Nb3 Nd7 8. Re1
c5 9. dxc5 dxc5 10. c3 a6 11. Bf4 Rc8 12. Bc2 e5 13. Bg3 Qc7 14. Nbd2 c4 15. b3
b5 16. bxc4 bxc4 17. Rb1 Rd8 18. Qe2 Ne7 19. Qxc4 Nc6 20. Bh4 Bf6 21. Bxf6 Nxf6
22. Qc5 Nd7 23. Qa3 Na7 24. Nc4 Nc5 25. Ncxe5 O-O 26. c4 Rde8 27. Qb2 Nc6 28.
Ng4 1-0

[Event "Gibraltar ChallWk2 13th"]
[Site "Gibraltar"]
[Date "2015.02.01"]
[Round "2.1"]
[White "Sanchez Botella, Luis Javier"]
[Black "Brandstetter, Dieter"]
[Result "0-1"]
[ECO "E01"]
[WhiteElo "2246"]
[BlackElo "2065"]
[PlyCount "148"]
[EventDate "2015.01.31"]
[EventType "swiss"]
[EventRounds "5"]
[EventCountry "GGB"]
[SourceTitle "BritBase"]
[Source "www.saund.co.uk"]
[SourceDate "2018.02.10"]
[SourceVersion "1"]
[SourceVersionDate "2018.02.10"]
[SourceQuality "1"]
[TimeControl "6600+730"]
[WhiteClock "0:01:48"]
[BlackClock "0:01:13"]

1. c4 c6 2. Nf3 d5 3. b3 Nf6 4. Bb2 e6 5. g3 Nbd7 6. Bg2 Bd6 7. O-O O-O 8. d4
b6 9. Nbd2 Bb7 10. Qc2 c5 11. cxd5 exd5 12. Rfd1 Re8 13. e3 Rc8 14. Qf5 g6 15.
Qh3 c4 16. Rac1 cxb3 17. axb3 Qe7 18. Qh4 Ne4 19. Qxe7 Bxe7 20. Nxe4 dxe4 21.
Nd2 f5 22. Bf1 Nf6 23. Bc4+ Nd5 24. Ra1 a5 25. Bb5 Red8 26. Rac1 Bb4 27. Nb1
Kf8 28. Rc4 Nc7 29. Bc6 Bxc6 30. Rxc6 Nd5 31. Rdc1 Rxc6 32. Rxc6 Ke7 33. Ba3
Kd7 34. Rc4 Rc8 35. Bxb4 Nxb4 36. Nc3 Rc6 37. Kg2 Nd3 38. Na2 b5 39. Rxc6 Kxc6
40. Kf1 a4 41. bxa4 bxa4 42. Ke2 Kb5 43. d5 Kc5 44. f3 a3 45. fxe4 fxe4 46. Kd2
Kxd5 47. Kc3 Nf2 48. Nb4+ Ke5 49. Nc2 a2 50. Kb2 Kf5 51. Kxa2 Kg4 52. Kb3 Kh3
53. Nd4 Kxh2 54. Ne2 Nd1 55. Kc4 Nxe3+ 56. Kd4 Nf5+ 57. Ke5 Nxg3 58. Nd4 e3 59.
Kf4 e2 60. Kg4 Kg2 61. Nf3 Nf5 62. Kf4 Kf2 63. Ne5 e1=Q 64. Nd3+ Ke2 65. Nxe1
Kxe1 66. Kg4 Kf2 67. Kh3 h6 68. Kg4 Ke3 69. Kh3 Kf3 70. Kh2 g5 71. Kh3 g4+ 72.
Kh2 g3+ 73. Kh3 Kf2 74. Kg4 g2 0-1

[Event "Gibraltar ChallWk2 13th"]
[Site "Gibraltar"]
[Date "2015.02.01"]
[Round "2.2"]
[White "Kandic, Milan"]
[Black "Longa Yauca, Javier"]
[Result "1-0"]
[ECO "C41"]
[WhiteElo "2101"]
[BlackElo "2245"]
[PlyCount "71"]
[EventDate "2015.01.31"]
[EventType "swiss"]
[EventRounds "5"]
[EventCountry "GGB"]
[SourceTitle "BritBase"]
[Source "www.saund.co.uk"]
[SourceDate "2018.02.10"]
[SourceVersion "1"]
[SourceVersionDate "2018.02.10"]
[SourceQuality "1"]
[TimeControl "7200+740"]
[WhiteClock "0:57:51"]
[BlackClock "1:04:18"]

1. e4 e5 2. Nf3 d6 3. d4 Nf6 4. Nc3 Nbd7 5. Bc4 Be7 6. O-O c6 7. a4 a5 8. dxe5
dxe5 9. Qe2 O-O 10. Bg5 h6 11. Be3 Qc7 12. Nh4 Re8 13. Bxf7+ Kf8 14. Qc4 g5 15.
Ng6+ Kg7 16. Bxe8 Nxe8 17. Nxe7 Ndf6 18. Nf5+ Bxf5 19. exf5 Nd6 20. Nb5 Nxc4
21. Nxc7 Rc8 22. Ne6+ Kf7 23. Rfd1 Nd5 24. b3 Ncxe3 25. fxe3 Nxe3 26. Rd7+ Kf6
27. Rxb7 Kxf5 28. Rc7 Rxc7 29. Nxc7 Nxc2 30. Rc1 Nd4 31. Rc5 Ke4 32. Rxa5 Nxb3
33. Ra8 Nd4 34. a5 c5 35. a6 Nc6 36. Nb5 1-0

[Event "Gibraltar ChallWk2 13th"]
[Site "Gibraltar"]
[Date "2015.02.01"]
[Round "2.3"]
[White "Fiori, Hector"]
[Black "Vea, Odin Blikra"]
[Result "1-0"]
[ECO "B76"]
[WhiteElo "2066"]
[BlackElo "2242"]
[PlyCount "49"]
[EventDate "2015.01.31"]
[EventType "swiss"]
[EventRounds "5"]
[EventCountry "GGB"]
[SourceTitle "BritBase"]
[Source "www.saund.co.uk"]
[SourceDate "2018.02.10"]
[SourceVersion "1"]
[SourceVersionDate "2018.02.10"]
[SourceQuality "1"]
[TimeControl "7200+1115"]
[WhiteClock "0:32:48"]
[BlackClock "1:02:53"]

1. e4 c5 2. Nf3 d6 3. d4 cxd4 4. Nxd4 Nf6 5. Nc3 g6 6. Be3 Bg7 7. f3 O-O 8. Qd2
Nc6 9. O-O-O d5 10. Nxc6 bxc6 11. Bh6 Be6 12. e5 Nd7 13. h4 Bxe5 14. h5 Rb8 15.
Bxf8 Qxf8 16. g4 Rxb2 17. f4 Bg7 18. h6 Bh8 19. Kxb2 Qb8+ 20. Ka1 Qb4 21. Rh3
Qa3 22. f5 d4 23. fxe6 Nc5 24. Rb1 Be5 25. Qxd4 1-0

[Event "Gibraltar ChallWk2 13th"]
[Site "Gibraltar"]
[Date "2015.02.01"]
[Round "2.4"]
[White "Galmandakh, Badrakh"]
[Black "Gieritz, Dietmar"]
[Result "1-0"]
[ECO "C00"]
[WhiteElo "2240"]
[BlackElo "2048"]
[PlyCount "99"]
[EventDate "2015.01.31"]
[EventType "swiss"]
[EventRounds "5"]
[EventCountry "GGB"]
[SourceTitle "BritBase"]
[Source "www.saund.co.uk"]
[SourceDate "2018.02.10"]
[SourceVersion "1"]
[SourceVersionDate "2018.02.10"]
[SourceQuality "1"]
[TimeControl "6600+1050"]
[WhiteClock "0:00:31"]
[BlackClock "0:55:05"]

1. d3 d5 2. e4 e6 3. Nd2 Nf6 4. Ngf3 Be7 5. g3 O-O 6. Bg2 c5 7. O-O Re8 8. Re1
Nc6 9. c3 b5 10. e5 Nd7 11. h4 a5 12. h5 h6 13. Nf1 f6 14. d4 Qb6 15. Bh3 Nf8
16. Be3 cxd4 17. cxd4 Ra7 18. N1h2 f5 19. a3 a4 20. Kh1 b4 21. g4 bxa3 22. bxa3
Qb3 23. Qc1 f4 24. Qxc6 Bd7 25. Qc1 Rc8 26. Qb1 fxe3 27. Rxe3 Qc2 28. Kg1 Rac7
29. Bf1 Qxb1 30. Rxb1 Rc3 31. Rxc3 Rxc3 32. Bb5 Bxb5 33. Rxb5 Rxa3 34. Rb7 Kf7
35. Ra7 Ra1+ 36. Kg2 a3 37. g5 hxg5 38. Nxg5+ Ke8 39. Ra8+ Bd8 40. Ng4 Kd7 41.
Nf7 Be7 42. Ra7+ Ke8 43. Nd6+ Kd8 44. h6 gxh6 45. Nxh6 Bxd6 46. exd6 a2 47. Ng4
Kc8 48. Ne5 Kb8 49. Nc6+ Kc8 50. Rc7# 1-0

[Event "Gibraltar ChallWk2 13th"]
[Site "Gibraltar"]
[Date "2015.02.01"]
[Round "2.5"]
[White "Dasaolu, Rotimi"]
[Black "Ibarra Jerez, Juan Miguel"]
[Result "0-1"]
[ECO "B40"]
[WhiteElo "2053"]
[BlackElo "2238"]
[PlyCount "122"]
[EventDate "2015.01.31"]
[EventType "swiss"]
[EventRounds "5"]
[EventCountry "GGB"]
[SourceTitle "BritBase"]
[Source "www.saund.co.uk"]
[SourceDate "2018.02.10"]
[SourceVersion "1"]
[SourceVersionDate "2018.02.10"]
[SourceQuality "1"]
[TimeControl "7200+2500"]
[WhiteClock "0:01:59"]
[BlackClock "0:39:45"]

1. e4 c5 2. Nf3 e6 3. Nc3 Qb6 4. b3 Nc6 5. Bb2 Nf6 6. e5 Nd5 7. Ne4 Be7 8. g3
O-O 9. Bg2 f5 10. exf6 Nxf6 11. d3 d5 12. Nxf6+ Bxf6 13. Bxf6 gxf6 14. Nd2 Qd8
15. O-O e5 16. Qh5 Be6 17. f4 Qd7 18. Rae1 Kh8 19. fxe5 fxe5 20. Qh6 Rxf1+ 21.
Rxf1 Qe7 22. c4 Nb4 23. a3 Nxd3 24. cxd5 Bg8 25. Be4 c4 26. d6 Qg7 27. Qxg7+
Kxg7 28. bxc4 Nc5 29. Rf5 Re8 30. d7 Nxd7 31. Bxb7 Be6 32. Rf3 Nc5 33. Bc6 Rc8
34. Bd5 Bxd5 35. cxd5 Rd8 36. Kf1 Rxd5 37. Ke2 Ne6 38. Rc3 Rb5 39. Ke3 Rb2 40.
Nf3 Kf6 41. Nd2 Ra2 42. h3 Nd4 43. g4 Ke6 44. Ne4 Rh2 45. Nf2 Rg2 46. Rc7 Rg3+
47. Ke4 Rg2 48. Ke3 Rg3+ 49. Ke4 Nb5 50. Rc6+ Nd6+ 51. Rxd6+ Kxd6 52. Nd3 Rxh3
53. Nxe5 Ke6 54. Nf3 Rh1 55. a4 Ra1 56. Ng5+ Kf6 57. Nxh7+ Kg7 58. Ng5 Rxa4+
59. Kf5 Ra5+ 60. Kf4 Rxg5 61. Kxg5 a5 0-1

[Event "Gibraltar ChallWk2 13th"]
[Site "Gibraltar"]
[Date "2015.02.01"]
[Round "2.6"]
[White "Scharrer, Patrick"]
[Black "Ungureanu, Sandu"]
[Result "1-0"]
[ECO "B75"]
[WhiteElo "2231"]
[BlackElo "2040"]
[PlyCount "57"]
[EventDate "2015.01.31"]
[EventType "swiss"]
[EventRounds "5"]
[EventCountry "GGB"]
[SourceTitle "BritBase"]
[Source "www.saund.co.uk"]
[SourceDate "2018.02.10"]
[SourceVersion "1"]
[SourceVersionDate "2018.02.10"]
[SourceQuality "1"]
[TimeControl "7200+1015"]
[WhiteClock "0:15:27"]
[BlackClock "1:02:01"]

1. e4 c5 2. Nf3 d6 3. d4 cxd4 4. Nxd4 Nf6 5. Nc3 g6 6. f3 Bg7 7. Be3 Nc6 8. Qd2
Bd7 9. g4 Rc8 10. O-O-O a6 11. Kb1 Ne5 12. h4 h6 13. Bd3 Nxd3 14. cxd3 b5 15.
g5 hxg5 16. hxg5 Rxh1 17. Rxh1 Nh5 18. f4 Qa5 19. f5 Be5 20. Nde2 Bxc3 21. Nxc3
Bc6 22. fxg6 fxg6 23. Rf1 b4 24. Ne2 Qb5 25. Nd4 Qb7 26. Qf2 Bxe4 27. dxe4
Qxe4+ 28. Ka1 Rc4 29. Qf7+ 1-0

[Event "Gibraltar ChallWk2 13th"]
[Site "Gibraltar"]
[Date "2015.02.01"]
[Round "2.7"]
[White "Byrn, Carsten"]
[Black "Hoffmann, Hendrik"]
[Result "1/2-1/2"]
[ECO "D20"]
[WhiteElo "2044"]
[BlackElo "2206"]
[PlyCount "82"]
[EventDate "2015.01.31"]
[EventType "swiss"]
[EventRounds "5"]
[EventCountry "GGB"]
[SourceTitle "BritBase"]
[Source "www.saund.co.uk"]
[SourceDate "2018.02.10"]
[SourceVersion "1"]
[SourceVersionDate "2018.02.10"]
[SourceQuality "1"]
[TimeControl "7200+12115"]
[WhiteClock "1:09:12"]
[BlackClock "0:28:10"]

1. d4 d5 2. c4 dxc4 3. e3 e5 4. Bxc4 exd4 5. Qb3 Qe7 6. a3 Nc6 7. Ne2 d3 8. Ng3
Ne5 9. Bxd3 Nxd3+ 10. Qxd3 Qd6 11. Qxd6 Bxd6 12. Bd2 Nf6 13. Bc3 Be7 14. Nd2
Be6 15. Nf3 O-O 16. O-O Nd5 17. Nd4 Nxc3 18. Nxe6 fxe6 19. bxc3 Rfd8 20. Ne4
Rd3 21. a4 Rad8 22. Rfc1 b6 23. Kf1 R3d5 24. Ke2 Ra5 25. c4 c6 26. Ra2 Rd7 27.
Rd1 Rxd1 28. Kxd1 b5 29. cxb5 cxb5 30. Nc3 b4 31. Nb5 a6 32. Nd4 Bf6 33. Nb3
Rh5 34. h3 Rg5 35. g3 Bc3 36. Ke2 Rd5 37. Rc2 Kf7 38. Rc1 Ke7 39. Rd1 Rxd1 40.
Kxd1 Kd6 41. Ke2 Kd5 1/2-1/2

[Event "Gibraltar ChallWk2 13th"]
[Site "Gibraltar"]
[Date "2015.02.01"]
[Round "2.8"]
[White "Janev, Pavel"]
[Black "Van Dongen, Edwin"]
[Result "1-0"]
[ECO "B01"]
[WhiteElo "2196"]
[BlackElo "2036"]
[PlyCount "105"]
[EventDate "2015.01.31"]
[EventType "swiss"]
[EventRounds "5"]
[EventCountry "GGB"]
[SourceTitle "BritBase"]
[Source "www.saund.co.uk"]
[SourceDate "2018.02.10"]
[SourceVersion "1"]
[SourceVersionDate "2018.02.10"]
[SourceQuality "1"]
[TimeControl "6600+960"]
[WhiteClock "0:01:46"]
[BlackClock "0:00:21"]

1. e4 d5 2. exd5 Qxd5 3. Nc3 Qa5 4. d4 Nf6 5. Nf3 c6 6. Bc4 Bf5 7. Bd2 Qd8 8.
Qe2 e6 9. O-O-O Bd6 10. d5 cxd5 11. Nxd5 Nxd5 12. Bxd5 Qc7 13. Nd4 O-O 14. Nxf5
exf5 15. Qf3 Nc6 16. Bc3 Be5 17. Bxe5 Qxe5 18. c3 Rac8 19. Rhe1 Qf6 20. Kb1
Rfe8 21. Rxe8+ Rxe8 22. Bb3 g6 23. Qf4 Kg7 24. a3 Qe7 25. Ka2 h6 26. Bc4 Kh7
27. Qd6 Qxd6 28. Rxd6 Ne5 29. Bd5 Re7 30. h3 Kg7 31. b4 Rc7 32. Kb3 Kf8 33. f4
Nd7 34. Bf3 Ke7 35. Rd4 Nf6 36. c4 g5 37. c5 Ke6 38. Rd8 g4 39. Be2 Nh5 40.
hxg4 Nxf4 41. gxf5+ Ke7 42. Rd2 Nxg2 43. Bf3 Nf4 44. Rd6 f6 45. Kc4 Nh3 46.
Re6+ Kf7 47. b5 Nf4 48. Re4 Nh3 49. Rd4 Ke7 50. a4 Ng5 51. Bd5 Kf8 52. a5 h5
53. b6 1-0

[Event "Gibraltar ChallWk2 13th"]
[Site "Gibraltar"]
[Date "2015.02.01"]
[Round "2.9"]
[White "Schouten, Freek"]
[Black "Dolzhikova, Olga"]
[Result "1/2-1/2"]
[ECO "E05"]
[WhiteElo "2039"]
[BlackElo "2194"]
[PlyCount "22"]
[EventDate "2015.01.31"]
[EventType "swiss"]
[EventRounds "5"]
[EventCountry "GGB"]
[SourceTitle "BritBase"]
[Source "www.saund.co.uk"]
[SourceDate "2018.02.10"]
[SourceVersion "1"]
[SourceVersionDate "2018.02.10"]
[SourceQuality "1"]
[TimeControl "7200+80"]
[WhiteClock "1:48:54"]
[BlackClock "1:45:43"]

1. d4 Nf6 2. c4 e6 3. g3 d5 4. Bg2 Be7 5. Nf3 O-O 6. O-O dxc4 7. Qc2 a6 8. Qxc4
b5 9. Qc2 Bb7 10. Bd2 Be4 11. Qc1 Bb7 1/2-1/2

[Event "Gibraltar ChallWk2 13th"]
[Site "Gibraltar"]
[Date "2015.02.01"]
[Round "2.10"]
[White "Alarcon Olmos, Daniel"]
[Black "Pena Riasco, Alexander"]
[Result "1-0"]
[ECO "D04"]
[WhiteElo "2031"]
[BlackElo "2181"]
[PlyCount "117"]
[EventDate "2015.01.31"]
[EventType "swiss"]
[EventRounds "5"]
[EventCountry "GGB"]
[SourceTitle "BritBase"]
[Source "www.saund.co.uk"]
[SourceDate "2018.02.10"]
[SourceVersion "1"]
[SourceVersionDate "2018.02.10"]
[SourceQuality "1"]
[TimeControl "7200+1230"]
[WhiteClock "0:03:59"]
[BlackClock "0:03:16"]

1. Nf3 d5 2. d4 Nf6 3. e3 Bf5 4. Be2 e6 5. O-O Nbd7 6. b3 Be7 7. h3 h6 8. c4 c6
9. Nc3 O-O 10. Ne5 Nxe5 11. dxe5 Nd7 12. f4 f6 13. cxd5 cxd5 14. Nxd5 Nb6 15.
Nxe7+ Qxe7 16. Bb2 fxe5 17. Bxe5 Rfd8 18. Bd4 Nd5 19. Qd2 Nf6 20. Bf3 Ne4 21.
Qb2 Rac8 22. Rac1 b6 23. a3 Nc5 24. Bxc5 Rxc5 25. e4 Bg6 26. b4 Rc7 27. Qe5
Rcd7 28. Rc6 Bf7 29. Rfc1 Qh4 30. f5 exf5 31. Qxf5 Rd2 32. Rc7 Bb3 33. Rxg7+
Kxg7 34. Rc7+ R8d7 35. Rxd7+ Rxd7 36. Qxd7+ Bf7 37. Qxa7 Qd8 38. Qa4 Qd4+ 39.
Kh1 Qe3 40. Qd1 b5 41. Qa1+ Kg6 42. Qe5 Bc4 43. Qd6+ Kg7 44. Kh2 Qxa3 45. e5
Qe3 46. Qf6+ Kg8 47. Bg4 Qd2 48. e6 Qd6+ 49. Kh1 Qxb4 50. Qg6+ Kh8 51. Qxh6+
Kg8 52. Qg6+ Kh8 53. Qf6+ Kg8 54. e7 Qe1+ 55. Kh2 Bf7 56. Qg5+ Kh8 57. Qh6+ Kg8
58. Qf8+ Kh7 59. Qxf7+ 1-0

[Event "Gibraltar ChallWk2 13th"]
[Site "Gibraltar"]
[Date "2015.02.01"]
[Round "2.11"]
[White "Agrest, Inna"]
[Black "Nwoye, Nnamdi"]
[Result "1-0"]
[ECO "B31"]
[WhiteElo "2179"]
[BlackElo "2015"]
[PlyCount "78"]
[EventDate "2015.01.31"]
[EventType "swiss"]
[EventRounds "5"]
[EventCountry "GGB"]
[SourceTitle "BritBase"]
[Source "www.saund.co.uk"]
[SourceDate "2018.02.10"]
[SourceVersion "1"]
[SourceVersionDate "2018.02.10"]
[SourceQuality "1"]
[TimeControl "7200+1645"]
[WhiteClock "0:03:30"]
[BlackClock "0:01:09"]

1. e4 c5 2. Nf3 Nc6 3. Bb5 g6 4. O-O Bg7 5. Bxc6 bxc6 6. d4 cxd4 7. Nxd4 Nf6 8.
Re1 O-O 9. e5 Nd5 10. c4 Nc7 11. Nc3 Ba6 12. b3 c5 13. Nf3 Bb7 14. Bb2 f6 15.
Nd5 Bxd5 16. cxd5 d6 17. e6 Rb8 18. Rc1 Rb6 19. Qd3 Qa8 20. Red1 Qb7 21. Rc4
Ra6 22. a3 Rb6 23. b4 a5 24. Nh4 Qa6 25. Qc2 axb4 26. axb4 Rfb8 27. Ra1 Qxc4
28. Qxc4 Rxb4 29. Qd3 Rxh4 30. g3 Rhb4 31. Bc1 f5 32. Ra7 c4 33. Qd1 R8b7 34.
Rxb7 Rxb7 35. Qa4 c3 36. Bg5 Kf8 37. Qd7 Nxe6 38. Bxe7+ Kg8 39. Qxe6+ Kh8 1-0

[Event "Gibraltar ChallWk2 13th"]
[Site "Gibraltar"]
[Date "2015.02.01"]
[Round "2.12"]
[White "Michalowski, Peter"]
[Black "Gonzalez Gonzalez, Alfonso"]
[Result "1-0"]
[ECO "C47"]
[WhiteElo "2024"]
[BlackElo "2160"]
[PlyCount "77"]
[EventDate "2015.01.31"]
[EventType "swiss"]
[EventRounds "5"]
[EventCountry "GGB"]
[SourceTitle "BritBase"]
[Source "www.saund.co.uk"]
[SourceDate "2018.02.10"]
[SourceVersion "1"]
[SourceVersionDate "2018.02.10"]
[SourceQuality "1"]
[TimeControl "7200+1290"]
[WhiteClock "0:01:15"]
[BlackClock "0:12:28"]

1. e4 e5 2. Nf3 Nc6 3. d4 exd4 4. Nxd4 Nf6 5. Nc3 Bb4 6. Nxc6 bxc6 7. Bd3 Bb7
8. O-O Qe7 9. e5 Nd5 10. Nxd5 cxd5 11. c3 Bc5 12. Qg4 O-O-O 13. Re1 Rde8 14.
Qe2 Qe6 15. Be3 Bb6 16. Bxb6 axb6 17. a4 c5 18. Ba6 c4 19. Bxb7+ Kxb7 20. a5
Ra8 21. axb6 Rxa1 22. Rxa1 Ra8 23. Rxa8 Kxa8 24. Qd1 Kb8 25. Qa4 Qxb6 26. Qxd7
Qg6 27. h3 Qe4 28. Qe8+ Kc7 29. Qxf7+ Kc6 30. e6 Qe1+ 31. Kh2 Kd6 32. Qd7+ Kc5
33. Qc7+ Kb5 34. e7 Ka4 35. Qd7+ Kb3 36. e8=Q Qxf2 37. Qb5+ Kc2 38. Qe5 Kb1 39.
Qbxd5 1-0